 Dungeon Crawl Stone Soup version 0.21-a0-516-gaaff437 (webtiles) character file.

4788 Roak the Transmogrifier (level 10, -3/80 HPs)
             Began as a Barachi Transmuter on Dec 3, 2017.
             Slain by a hornet (15 damage)
             ... on level 8 of the Dungeon.
             The game lasted 01:16:09 (9253 turns).

Roak the Transmogrifier (Barachi Transmuter)        Turns: 9253, Time: 01:16:10

Health: -3/80      AC: 10    Str: 12    XL:     10   Next: 47%
Magic:  3/13       EV: 16    Int: 16    God:
Gold:   413        SH:  4    Dex: 13    Spells: 1/13 levels left

rFire    . . .     SeeInvis .     - Unarmed
rCold    . . .     Gourm    .   (shield currently unavailable)
rNeg     + . .     Faith    .   E - +1 robe {Archmagi}
rPois    .         Spirit   .   B - +1 helmet
rElec    .         Reflect  +   (no cloak)
rCorr    .         Harm     .   (gloves currently unavailable)
MR       .....                  (no boots)
Stlth    +.........             w - +4 amulet of reflection
HPRegen  0.23/turn              e - ring of positive energy
MPRegen  0.13/turn              C - +5 ring of protection

@: lethally poisoned (-3 -> -4), blade hands, very slightly contaminated, hasted
and slowed, slow
A: +LOS, swims, slowness 1, strong legs 1
a: Hop, End Transformation


You were on level 8 of the Dungeon.
You were very hungry.
You had blades for hands.
You visited 2 branches of the dungeon, and saw 10 of its levels.

You collected 413 gold pieces.

Inventory:

Hand Weapons
 b - a +2 hunting sling of freezing (melded)
Missiles
 a - 48 arrows
 o - 196 stones
 F - 13 tomahawks (quivered)
 J - a throwing net {=f}
Armour
 B - a +1 helmet (worn)
 D - a +0 pair of gloves (melded)
 E - a +1 robe of the Archmagi (worn)
 L - a +2 robe of positive energy
 O - a +1 leather armour of positive energy
Magical Staves
 z - an uncursed staff of earth {unknown}
 I - an uncursed staff of summoning {unknown}
Jewellery
 e - a ring of positive energy (left scythe-like blade)
 t - an uncursed ring of see invisible {unknown}
 w - a +4 amulet of reflection (around neck)
 C - a +5 ring of protection (right scythe-like blade)
 Q - the ring of Xanaradgh {EV+5 Int+3, unknown}
   (You found it on level 7 of the Dungeon)

   [ring of evasion]

   It affects your evasion (+5).
   It affects your intelligence (+3).
 T - an uncursed ring of see invisible {unknown}
 U - a +3 ring of intelligence {unknown}
Wands
 R - a wand of iceblast (9)
 S - a wand of disintegration (12)
Scrolls
 f - 2 scrolls of amnesia
 g - 7 scrolls of teleportation
 h - 9 scrolls of identify
 q - 6 scrolls of remove curse
 y - 2 scrolls of enchant armour
 G - a scroll of immolation {unknown}
 H - a scroll of silence {unknown}
 N - 2 scrolls of random uselessness {unknown}
Potions
 j - 3 potions of curing {unknown}
 k - 2 potions of mutation {unknown}
 l - 2 potions of invisibility {unknown}
 m - a potion of flight {unknown}
 p - a potion of brilliance {unknown}
 r - a potion of agility {unknown}
 s - a potion of degeneration {unknown}
 x - 3 potions of cancellation {unknown}
 A - 2 potions of ambrosia {unknown}
 K - a potion of lignification {unknown}
 M - a potion of haste
 P - a potion of magic {unknown}
Books
 c - a book of Changes

   Spells                             Type                      Level
   a - Beastly Appendage              Transmutation                1
   b - Sticks to Snakes               Transmutation                2
   c - Spider Form                    Transmutation/Poison         3
   d - Ice Form                       Ice/Transmutation            4
   e - Blade Hands                    Transmutation                5
Comestibles
 d - 3 bread rations
 n - 7 meat rations
 u - 7 royal jellies
 v - 16 fruits


   Skills:
 + Level 7.7 Fighting
 + Level 7.5 Dodging
 + Level 8.9 Unarmed Combat
 - Level 2.1 Spellcasting
 - Level 10.0 Transmutations
 - Level 3.0 Ice Magic


You had one spell level left.
You knew the following spells:

 Your Spells              Type           Power        Failure   Level  Hunger
a - Beastly Appendage     Tmut           ######       10%         1    #......
b - Sticks to Snakes      Tmut           ######..     12%         2    ###....
c - Ice Form              Ice/Tmut       ####....     54%         4    #####..
d - Blade Hands           Tmut           ######....   43%         5    ######.


Dungeon Overview and Level Annotations

Branches:
Dungeon (9/15)             Temple (1/1) D:7
   Lair: D:8-11         Orc: D:9-12

Altars:
Ashenzari
Dithmenos
Elyvilon
Fedhas
Gozag
Hepliaklqana
Kikubaaqudgha
Makhleb
Nemelex Xobeh
Okawaru
Qazlal
Ru
Sif Muna
Trog
Uskayaw
Vehumet
Wu Jian
Xom
Yredelemnul
Zin
The Shining One

Shops:
D:4 :

Annotations:
D:4 Thaneod's ghost, amateur MiHu
D:8 1 exclusion


Innate Abilities, Weirdness & Mutations

Shadows flee at your approach. (+LOS)
You can swim through water.
You cover ground slowly.
You can hop short distances.


Message History

You feel yourself speed up.
You feel sick. You block the hornet's attack. The hornet closely misses you.
The worker ant closely misses you. You block the hornet's attack.
You barely miss the hornet.
You feel sick. The worker ant bites you!
* * * LOW HITPOINT WARNING * * *
The hornet closely misses you.
You feel much better. The worker ant completely misses you.
The hornet stings you!
* * * LOW HITPOINT WARNING * * *
You feel as though you will be slow longer.
The worker ant barely misses you.
Casting: Blade Hands
Confirm with . or Enter, or press ? or * to list all spells.
You feel a surge of power!
You create 4 snakes!
You now have 48 arrows.
You are feeling very hungry.
You feel sick. The hornet stings you!
* * * LOW HITPOINT WARNING * * *
You feel as though you will be slow longer.
The worker ant barely misses you. The hornet stings you!
You die...

########### #.... #.........#
#.... #.#######.# #....
########## #.# #.# #####
.........#######.## #.# ##
..................# #.# #.
..................######.# #.
..............S..........## #.
.........#######@#.####...######.
.........# #yaS...........)).
.........# #.SS...........)).
.........# ###.####...######.
.........# #####)# #8#.# ####.
########## #.....# ###'# #....
#.....# ###.###....
#########.....# #.'.'.#....
#............## ###.###....


You could see a hornet, a worker ant and 4 friendly adders.

Vanquished Creatures
  A two-headed ogre (D:8)
  The ghost of darxusza the Shield-Bearer, a novice DsFi of Qazlal (D:7)
  2 dream sheep (D:8)
  Sigmund (D:6)
  2 yaks (D:8)
  2 orc warriors
  2 crocodiles
  3 ogres
  A centaur (D:8)
  2 big kobolds (D:8)
  An elf zombie (D:8)
  3 bullfrogs
  An elf skeleton (D:8)
  2 scorpions (D:7)
  5 wights (D:7)
  A howler monkey (D:5)
  3 crimson imps
  5 human zombies (D:8)
  An orc priest (D:4)
  A centaur skeleton (D:6)
  A hound (D:4)
  5 orc wizards
  2 iguanas
  2 human skeletons (D:8)
  2 worker ants
  A hound zombie (D:5)
  2 mummies (D:8)
  A gnoll (D:5)
  9 adders
  A howler monkey skeleton (D:4)
  A shadow imp (D:6)
  An ooze (D:4)
  An adder zombie (D:5)
  3 worms
  5 dart slugs
  9 leopard geckos
  25 orcs
  5 giant cockroaches
  6 goblins
  10 hobgoblins
  6 jackals
  A quokka (D:7)
  3 ball pythons
  9 bats
  3 frilled lizards
  A jackal skeleton (D:8)
  7 kobolds
  An orc zombie (D:8)
  6 rats
169 creatures vanquished.

Vanquished Creatures (collateral kills)
  A black bear (D:6)
  A necrophage (D:8)
  4 ogres
  A centaur (D:6)
  A howler monkey (D:6)
  A hound (D:8)
  2 orc priests
  2 orc wizards (D:6)
  A hound skeleton (D:4)
  A howler monkey zombie (D:7)
  2 gnolls (D:5)
  A shadow imp (D:8)
  An adder skeleton (D:7)
  A dart slug (D:2)
  5 orcs
  A hobgoblin (D:2)
  A jackal (D:7)
  2 rats (D:5)
29 creatures vanquished.

Vanquished Creatures (others)
  An orc (D:6)
1 creature vanquished.

Grand Total: 199 creatures vanquished

Notes
Turn   | Place    | Note
-------+----------+-------------------------------------------
     0 | D:1      | Roak the Barachi Transmuter began the quest for the Orb.
     0 | D:1      | Reached XP level 1. HP: 15/15 MP: 3/3
    52 | D:1      | Reached XP level 2. HP: 5/22 MP: 5/5
   514 | D:1      | Learned a level 2 spell: Sticks to Snakes
   898 | D:1      | You fall through a shaft!
   906 | D:2      | Reached XP level 3. HP: 28/28 MP: 6/6
  1827 | D:2      | Reached XP level 4. HP: 29/35 MP: 5/7
  1833 | D:2      | Learned a level 4 spell: Ice Form
  2223 | D:3      | Reached skill level 3 in Transmutations
  2309 | D:3      | Found a hide-covered altar of Uskayaw.
  2559 | D:3      | Reached skill level 1 in Ice Magic
  2840 | D:3      | Found a stormy altar of Qazlal.
  2948 | D:3      | Reached XP level 5. HP: 38/41 MP: 8/8
  3016 | D:4      | Found Mofol Yptudgh's Book Shop.
  3345 | D:4      | Noticed Thaneod's ghost (amateur MiHu)
  3345 | D:4      | Reached skill level 4 in Transmutations
  3420 | D:4      | Noticed an ogre
  3846 | D:4      | Reached XP level 6. HP: 36/47 MP: 9/9
  3930 | D:4      | Reached skill level 5 in Unarmed Combat
  4222 | D:4      | Reached skill level 5 in Transmutations
  4822 | D:5      | Entered Level 5 of the Dungeon
  4843 | D:5      | Reached skill level 6 in Transmutations
  4843 | D:5      | Reached XP level 7. HP: 43/52 MP: 6/10
  5243 | D:5      | Reached skill level 7 in Transmutations
  5471 | D:5      | Found a shimmering altar of Xom.
  5600 | D:5      | Noticed a moth of wrath
  5604 | D:5      | Found a bloodstained altar of Trog.
  6099 | D:6      | Found a basalt altar of Yredelemnul.
  6153 | D:6      | Reached skill level 8 in Transmutations
  6153 | D:6      | Reached XP level 8. HP: 50/58 MP: 11/11
  6190 | D:6      | Noticed Sigmund
  6203 | D:6      | Killed Sigmund
  6273 | D:6      | Reached skill level 9 in Transmutations
  6334 | D:6      | Found a white marble altar of Elyvilon.
  6968 | D:7      | Found a staircase to the Ecumenical Temple.
  6969 | D:7      | Noticed darxusza's ghost (novice DsFi)
  7157 | D:7      | Got a brightly glowing golden ring
  7278 | D:7      | Reached skill level 10 in Transmutations
  7278 | D:7      | Reached XP level 9. HP: 63/63 MP: 10/12
  7487 | Temple   | Entered the Ecumenical Temple
  7659 | D:7      | Killed darxusza's ghost
  7659 | D:7      | Reached skill level 5 in Dodging
  7934 | D:7      | Reached skill level 5 in Fighting
  8097 | D:7      | Found a burning altar of Makhleb.
  8097 | D:7      | Noticed a balrug
  8212 | D:7      | Found a shadowy altar of Dithmenos.
  8439 | D:8      | Found an ancient bone altar of Kikubaaqudgha.
  8628 | D:8      | Reached XP level 10. HP: 77/77 MP: 11/13
  9225 | D:8      | Learned a level 5 spell: Blade Hands
  9226 | D:9      | Noticed a two-headed ogre
  9237 | D:8      | Killed a two-headed ogre
  9241 | D:9      | Paralysed by a hornet for 1 turns
  9248 | D:8      | Paralysed by a hornet for 2 turns
  9253 | D:8      | Slain by a hornet

Vault maps used:
D:1:      roderic_crossed_star
D:2:      grunt_ministairs_10
D:3:      old_standard_altar, nicolae_qazlal_eye_of_the_storm, first_bread,
          serial_bayou_pond_d, minivault_19
D:4:      serial_shops, nicolae_shop_trees
D:5:      tgw_trog, st_stairs_6, brannock_xom_greatest_gift
D:6:      kennysheep_ying_yang, uniq_sigmund
D:7:      makhleb_altar_promises_db, overflow_temple_1_default,
          minmay_temple_entry_butterflies, serial_glass, glass_columns_b,
          glass_columns_c
D:8:      lemuel_mausoleum_altar_kikubaaqudgha, hangedman_ranch
D:9:      cheibriados_altar_1
Temple:   dshaligram_water_room_temple

Skill      XL: |  1  2  3  4  5  6  7  8  9 10 |
---------------+-------------------------------+-----
Fighting       | 2 3 6 7 |  7.7
Unarmed Combat | 4 5 6 7 8 |  8.9
Transmutations | 3 4 6 8 10 | 10.0
Ice Magic      | 1 2 3 |  3.0
Dodging        | 3 6 7 |  7.5
Spellcasting   | |  2.1

Action                   |  1- 3 |  4- 6 |  7- 9 | 10-12 || total
-------------------------+-------+-------+-------+-------++-------
Melee: Unarmed           |   108 |   103 |   224 |    36 ||   471
       Headbutt          |     4 |       |       |       ||     4
       Kick              |    14 |    17 |    24 |     3 ||    58
       Punch             |       |     5 |     2 |     1 ||     8
 Fire: Hunting sling     |       |    84 |   125 |     8 ||   217
Throw: Stone             |    65 |     3 |       |       ||    68
       Tomahawk          |       |       |     8 |     4 ||    12
 Cast: Beastly Appendage |    19 |    13 |    12 |     1 ||    45
       Sticks to Snakes  |     5 |     7 |    24 |     3 ||    39
       Ice Form          |       |       |     7 |     2 ||     9
       Blade Hands       |       |       |       |     1 ||     1
 Abil: Hop               |       |     1 |       |       ||     1
  Use: Scroll            |       |     7 |       |       ||     7
       Potion            |       |       |       |     3 ||     3
 Stab: Sleeping          |     1 |       |       |       ||     1
       Distracted        |       |       |     1 |       ||     1
  Eat: Chunk             |     4 |     6 |    14 |     2 ||    26
       Bread ration      |       |     1 |     1 |       ||     2
Armor: Robe              |    16 |    32 |    39 |    11 ||    98
       Skin              |       |       |    11 |     3 ||    14
Dodge: Dodged            |    58 |    56 |    94 |    33 ||   241
Block: Other             |       |     3 |    23 |     7 ||    33

Table legend:
 A = Spawn XP
 B = Non-spawn XP
 C = Spawn XP percentage of total XP
 D = Spawn monster count
 E = Non-spawn monster count
 F = Spawn count percentage of total count
 G = Total turns spent on level
                    A         B        C        D         E        F      G
               +---------+---------+-------+---------+---------+-------+---------
         Total |       0 |    6840 |   0.0 |       0 |     199 |   0.0 |  9253
               +---------+---------+-------+---------+---------+-------+---------
           D:1 |       0 |      32 |   0.0 |       0 |      16 |   0.0 |   898
           D:2 |       0 |      55 |   0.0 |       0 |      25 |   0.0 |  1212
           D:3 |       0 |      80 |   0.0 |       0 |      21 |   0.0 |  1943
           D:4 |       0 |     407 |   0.0 |       0 |      23 |   0.0 |   769
           D:5 |       0 |     416 |   0.0 |       0 |      20 |   0.0 |  1035
           D:6 |       0 |     918 |   0.0 |       0 |      28 |   0.0 |  1149
           D:7 |       0 |    1733 |   0.0 |       0 |      27 |   0.0 |  1096
           D:8 |       0 |    3160 |   0.0 |       0 |      36 |   0.0 |   986
           D:9 |       0 |      23 |   0.0 |       0 |       1 |   0.0 |    13
        Temple |       0 |      16 |   0.0 |       0 |       2 |   0.0 |   152
               +---------+---------+-------+---------+---------+-------+---------
